 Dungeon Crawl Stone Soup version 0.30-a0-939-gc8157cb160 (webtiles) character file.

Game seed: 9513116186655817013

9064 DeathPants the Fighter (level 11, -7/60 HPs)
             Began as a Vine Stalker Monk on Mar 25, 2023.
             Was an Initiate of Gozag.
             Killed from afar by Azrael (21 damage)
             ... with a bolt of fire
             ... on level 12 of the Dungeon.
             The game lasted 00:32:42 (8693 turns).

DeathPants the Fighter (Vine Stalker Monk)          Turns: 8693, Time: 00:32:42

Health: -7/60      AC: 12    Str: 21    XL:     11   Next: 40%
Magic:  0/24       EV: 12    Int: 14    God:    Gozag
Gold:   972        SH:  0    Dex: 16    Spells: 18/26 levels left

rFire   . . .      SeeInvis .    a - +2 dagger (distort)
rCold   + + +      Faith    .    (no shield)
rNeg    + . .      Spirit   +    J - +0 leather armour of Inference {rC+++ Regen+}
rPois   +          Reflect  .    l - +1 helmet
rElec   .          Rampage  .    G - +0 cloak {rPois}
rCorr   .                        q - +0 pair of gloves
Will    +....                    x - +0 pair of boots
Stlth   ++                       (no amulet)
HPRegen 1.90/turn                n - +4 ring of protection
MPRegen 0.19/turn                b - ring of Plog {rPois rN+ Str+6}

@: spiked, gold aura
A: fangs 3, regeneration 1, magic shield, antimagic bite, no potion heal 2
a: Renounce Religion, Potion Petition, Call Merchant, Bribe Branch


You were on level 12 of the Dungeon.
You worshipped Gozag.
Gozag was pleased with you.
You visited 2 branches of the dungeon, and saw 13 of its levels.

You collected 1252 gold pieces.
You spent 280 gold pieces at shops.

Inventory:

Hand Weapons
 a - a +2 dagger of distortion (weapon)
Missiles
 f - 6 boomerangs of dispersal
 i - 5 javelins
 p - 27 poisoned darts
 r - a throwing net
 u - 4 silver boomerangs
 v - 3 boomerangs
 C - a curare-tipped dart
Armour
 c - a +2 robe of willpower
 l - a +1 helmet (worn)
 q - a +0 pair of gloves (worn)
 x - a +0 pair of boots (worn)
 G - a +0 cloak of poison resistance (worn)
 J - the +0 leather armour of Inference (worn) {rC+++ Regen+}
   (You found it on level 11 of the Dungeon)

   rC:        It renders you almost immune to cold.
   Regen:     It increases your rate of health regeneration.
Jewellery
 b - the ring of Plog (right hand) {rPois rN+ Str+6}
   (You found it on level 5 of the Dungeon)

   [ring of strength]

   Str:       It affects your strength (+6).
   rPois:     It protects you from poison.
   rN:        It protects you from negative energy.
 g - a ring of see invisible
 n - a +4 ring of protection (left hand)
 w - a ring of resist corrosion
 z - a +6 ring of strength
 D - a ring of magical power
 I - a ring of positive energy
Wands
 y - a wand of polymorph (7)
 E - a wand of flame (8)
 F - a wand of digging (2)
Scrolls
 e - 4 scrolls of teleportation
 B - 2 scrolls of fear
Potions
 d - a potion of flight
 h - 4 potions of attraction
 j - 5 potions of mutation
 k - a potion of berserk rage
 m - 5 potions of brilliance
 o - a potion of heal wounds {unknown}
 s - 4 potions of curing
 t - 2 potions of lignification
 A - a potion of invisibility {unknown}


   Skills:
 + Level 8.9 Fighting
 + Level 8.8 Short Blades
 - Level 2.4 Dodging
 - Level 2.4 Stealth
 - Level 8.0 Spellcasting
 + Level 6.6 Summonings
 + Level 5.5 Translocations


You had 18 spell levels left.
You knew the following spells:

 Your Spells              Type           Power      Damage    Failure   Level
a - Call Canine Familiar  Summ           24%        N/A       3%          3
b - Summon Forest         Summ/Tloc      11%        N/A       32%         5

Your spell library contained the following spells:

 Spells                   Type           Power      Damage    Failure   Level
 Apportation              Tloc           42%        N/A       1%          1
 Summon Small Mammal      Summ           96%        N/A       1%          1
 Gell's Gravitas          Tloc           21%        N/A       4%          3
 Teleport Other           Tloc           21%        N/A       4%          3
 Summon Guardian Golem    Hex/Summ       14%        N/A       12%         3
 Kiss of Death            Conj/Necr      20%        2d7       14%         1
 Necrotise                Necr           20%        1d5       14%         1
 Sublimation of Blood     Necr           5%         N/A       22%         2
 Confusing Touch          Hex            5%         N/A       41%         3
 Dazzling Flash           Conj/Hex       10%        N/A       41%         3
 Inner Flame              Hex/Fire       5%         N/A       41%         3
 Vampiric Draining        Necr           5%         2d6       41%         3
 Cause Fear               Hex            2%         N/A       82%         4
 Dispel Undead            Necr           5%         3d7       82%         4
 Petrify                  Tmut/Erth      5%         N/A       82%         4
 Dispersal                Tloc           10%        N/A       93%         6
 Agony                    Necr           5%         N/A       99%         5
 Alistair's Intoxication  Tmut/Pois      3%         N/A       99%         5
 Fireball                 Conj/Fire      2%         3d4       99%         5
 Irradiate                Conj/Tmut      2%         3d12      99%         5
 Iskenderun's Battlesphe  Conj           5%         2d6       99%         5
 Metabolic Englaciation   Hex/Ice        2%         N/A       99%         5
 Silence                  Hex/Air        2%         N/A       99%         5
 Conjure Ball Lightning   Conj/Air       2%         3x3d6     100%        6
 Eringya's Noxious Bog    Tmut/Pois      2%         N/A       100%        6
 Statue Form              Tmut/Erth      3%         N/A       100%        6
 Orb of Destruction       Conj           2%         9d5       100%        7
 Spellforged Servitor     Conj/Summ      7%         N/A       100%        7
 Summon Hydra             Summ           12%        N/A       100%        7
 Discord                  Hex            2%         N/A       100%        8


Dungeon Overview and Level Annotations

Branches:
Dungeon (12/15)            Temple (1/1) D:5            Lair (0/5) D:10
    Orc (0/2) D:10

Altars:
Ashenzari
Cheibriados
Dithmenos
Gozag
Hepliaklqana
Kikubaaqudgha
Makhleb
Nemelex Xobeh
Okawaru
Qazlal
Ru
Trog
Uskayaw
Vehumet
Yredelemnul
Zin
The Shining One

Shops:
D:2 [   D:6 :   D:10 (

Annotations:
D:10 1 runed translucent door
D:12 Azrael


Innate Abilities, Weirdness & Mutations

You have razor-sharp teeth.
Your natural rate of healing is unusually fast.
When hurt, damage is shared between your health and your magic reserves.
Your bite disrupts and absorbs the magic of your enemies.
Potions cannot restore your health.


Message History

The manticore blinks!
Your hound bites the vampire mosquito.
The vampire mosquito bites you.
* * * LOW HITPOINT WARNING * * *
The vampire mosquito draws strength from your injuries!
You hit the vampire mosquito.
Space warps around the vampire mosquito.
You bite the vampire mosquito. You drain its power.
You feel invigorated.
The vampire mosquito is heavily damaged.
Your hound barely misses the vampire mosquito.
The vampire mosquito barely misses you.
You hit the vampire mosquito.
Space warps horribly around the vampire mosquito!
You destroy the vampire mosquito!
The manticore flicks its tail.
The volley of spikes hits you!
The barbed spikes become lodged in your body.
* * * LOW HITPOINT WARNING * * *
Your hound closely misses the manticore.
The manticore flicks its tail.
The volley of spikes hits you!!
The barbed spikes become lodged in your body.
* * * LOW HITPOINT WARNING * * *
Your hound bites the manticore.
The manticore dies!
Azrael the Boundless Flame comes into view.
He is wielding a +2 scimitar of flaming.
Okay, then.
Okay, then.
Azrael gestures at you. The sticky flame hits your hound!
Your hound is covered in liquid flames!
Your hound burns!
Your hound dies!
Your hound's corpse disappears in a puff of smoke!
A fire elemental comes into view.
Casting: Call Canine Familiar (dangerous; 3% risk of failure)
Press: ? - help, Q - select action, (/) - cycle Dir - look around, f - activate Azrael gestures at you.
The bolt of fire hits you!!
You die...
Your body crumbles into a pile of gold.

****,,○,,*,***,**
*..,☼,E.,,,,,*,**
*.#**☼.#******,**
*.###R..,,,,,*,**
######..§.§..,,∩*,*,**
#.......§§.#***,*,*,,,
####..........#
*,*,****
#.......$$..#,*
*,*,,,,,
#.....h.@$..#,*
*,******
#...........#,* *,*
#)...#'######,* *,***
* #...,#.#
**,****,,,****
##***#.#
*,,,,,,,,,,,,, #.#
*,,*********,, #.#
**,,,*,,,* *,,
######## #.#
*,,,,*,*,* **,
#......# #.#
*,,.,*,*,* *,


You could see Azrael (ally target), a fire elemental and a friendly hound
(summoned).

Vanquished Creatures
  Maurice (D:9)
  A gargoyle (D:10)
  A komodo dragon (D:10)
  A troll (D:10)
  2 slime creatures (D:12)
  3 wyverns
  A vampire (D:10)
  A wraith (D:9)
  2 basilisks (D:10)
  6 yaks
  A steam dragon (D:9)
  5 vampire mosquitoes (D:12)
  An acid dragon (D:9)
  2 water moccasins
  A swamp drake (D:10)
  2 sky beasts (D:7)
  3 ice beasts
  5 black bears
  An orc warrior (D:9)
  4 ogres
  A centaur (D:10)
  2 kobold brigands (D:8)
  3 bullfrogs
  3 scorpions
  8 wights (D:8)
  An electric eel (D:6)
  Crazy Yiuf (D:2)
  3 hounds
  3 iguanas
  2 sleepcaps
  3 orc priests
  4 orc wizards
  6 adders
  4 white imps
  2 worms
  4 dart slugs
  22 orcs
  6 ball pythons
  12 bats
  12 endoplasms
  5 giant cockroaches
  7 goblins
  6 hobgoblins
  4 jackals (D:3)
  6 quokkas
  2 frilled lizards
  21 kobolds
  5 rats
202 creatures vanquished.

Vanquished Creatures (collateral kills)
  A manticore (D:12)
1 creature vanquished.

Vanquished Creatures (others)
  2 plants (D:6)
2 creatures vanquished.

Grand Total: 205 creatures vanquished

Notes
Turn   | Place    | Note
-------+----------+-------------------------------------------
     0 | D:1      | DeathPants the Vine Stalker Monk began the quest for the
                  | Orb.
     0 | D:1      | Reached XP level 1. HP: 11/11 MP: 2/2
   105 | D:1      | Reached XP level 2. HP: 14/16 MP: 2/4
   211 | D:1      | Reached skill level 1 in Spellcasting
   395 | D:1      | Reached XP level 3. HP: 19/20 MP: 3/5
   987 | D:2      | Gained mutation: Your natural rate of healing is unusually
                  | fast. [Vine Stalker growth]
   987 | D:2      | Reached XP level 4. HP: 24/24 MP: 7/7
  1013 | D:2      | Found Niomesuf's Armour Boutique.
  1100 | D:2      | Found a runed translucent door.
  1101 | D:2      | Noticed Crazy Yiuf
  1118 | D:2      | Killed Crazy Yiuf
  1927 | D:3      | Reached XP level 5. HP: 28/28 MP: 7/9
  2002 | D:3      | Noticed an ogre
  2029 | D:3      | Killed an ogre
  2308 | D:3      | Reached XP level 6. HP: 33/33 MP: 11/11
  2632 | D:3      | Found a hazy altar of Hepliaklqana.
  2637 | D:3      | Found a glowing golden altar of the Shining One.
  2645 | D:3      | Found a snail-covered altar of Cheibriados.
  2649 | D:3      | Found a broken altar of Ashenzari.
  2656 | D:3      | Found a glowing silver altar of Zin.
  2661 | D:3      | Found a stormy altar of Qazlal.
  2672 | D:3      | Found a sparkling altar of Nemelex Xobeh.
  2831 | D:4      | Noticed a black bear
  2834 | D:4      | Killed a black bear
  2899 | D:5      | Entered Level 5 of the Dungeon
  3015 | D:4      | Reached XP level 7. HP: 37/38 MP: 11/13
  3438 | D:5      | Reached skill level 5 in Fighting
  3438 | D:5      | Reached skill level 5 in Short Blades
  3478 | D:5      | Identified the +7 falchion "Veck" {freeze, *Slow rPois rF+
                  | Str+3}
  3569 | D:5      | Gained mutation: You have razor-sharp teeth. [Vine Stalker
                  | growth]
  3569 | D:5      | Reached XP level 8. HP: 39/43 MP: 13/16
  3584 | D:5      | Reached skill level 5 in Spellcasting
  3605 | D:5      | Found a staircase to the Ecumenical Temple.
  3625 | Temple   | Entered the Ecumenical Temple
  3682 | Temple   | Became a worshipper of Gozag Ym Sagoz the Greedy
  3976 | D:5      | Identified the ring of Plog {rPois rN+ Str+6}
  4037 | D:5      | Identified the +1 robe of Bitterness {-Cast Harm rCorr
                  | Dex+4}
  4757 | D:6      | Found Holopleu's Book Shoppe.
  4764 | D:6      | Bought a book of Callings for 280 gold pieces
  4768 | D:6      | Learned a level 3 spell: Call Canine Familiar
  4851 | D:7      | Reached skill level 1 in Summonings
  4851 | D:7      | Reached XP level 9. HP: 44/49 MP: 15/19
  5886 | D:8      | Learned a level 5 spell: Summon Forest
  6134 | D:8      | Reached skill level 1 in Translocations
  6497 | D:8      | Reached XP level 10. HP: 55/55 MP: 20/22
  6542 | D:9      | Noticed Maurice
  6606 | D:9      | Killed Maurice
  6808 | D:10     | Entered Level 10 of the Dungeon
  6909 | D:10     | Found Giherao's Weapon Shoppe.
  7166 | D:9      | Reached skill level 5 in Summonings
  7765 | D:10     | Noticed a gargoyle
  7776 | D:10     | Killed a gargoyle
  7870 | D:10     | Noticed a deep elf knight
  7870 | D:10     | Noticed a boulder beetle
  7871 | D:10     | Found a runed translucent door.
  7873 | D:10     | Noticed a stone giant
  7873 | D:10     | Noticed a fire giant
  7873 | D:10     | Noticed a yaktaur captain
  7873 | D:10     | Noticed a great orb of eyes
  7873 | D:10     | Noticed a fire dragon
  8210 | D:10     | Reached XP level 11. HP: 55/60 MP: 18/24
  8350 | D:10     | Found a staircase to the Lair.
  8406 | D:10     | Found a staircase to the Orcish Mines.
  8422 | D:10     | Reached skill level 5 in Translocations
  8560 | D:11     | Identified the +0 leather armour of Inference {rC+++
                  | Regen+}
  8645 | D:12     | Noticed a manticore
  8671 | D:12     | HP: 3/60 [vampire mosquito (5)]
  8689 | D:12     | Killed a manticore
  8690 | D:12     | Noticed Azrael
  8693 | D:12     | Killed from afar by Azrael

Illustrated notes

Levels and vault maps discovered:
D:1:      tarquinn_simple_flora_water_e, layout_rooms
D:2:      layout_loops_corners, serial_shops, nicolae_square_shop,
          grunt_decor_resistance, chequers_serial_rivers_micro_a,
          grunt_decor_clamped, minmay_crystal_room, minmay_cupped,
          uniq_crazy_yiuf_cottage
D:3:      layout_rooms, grunt_temple_overflow_octagram
D:4:      layout_loops_ring
D:5:      layout_loops_ring, minmay_temple_entry_proselytizer
D:6:      layout_basic, serial_shops, nicolae_shop_trees, serial_bayou,
          serial_bayou_shore_b, serial_bayou_pond_b, serial_bayou_pond_d,
          serial_bayou_crossing
D:7:      layout_rooms
D:8:      layout_loops_ring, kennysheep_flooded_box
D:9:      layout_loops_ring, serial_glass, glass_columns_c, glass_columns_b,
          uniq_maurice
D:10:     minmay_gate_of_8, layout_basic, erik_lair_dragon, orc_0_dummy,
          serial_shops, nicolae_shop_hallway_stairs, kennysheep_generic_room_12
D:11:     layout_basic, minmay_variable_closet, eino_house_with_fridge
D:12:     layout_basic, gauntlet_entry_generic, portal_ice_cave_demonic_guard,
          nemelex_diamond_rough_becter, uniq_josephine, uniq_azrael
Temple:   nicolae_temple_superstar

Skill      XL: |  1  2  3  4  5  6  7  8  9 10 11 |
---------------+----------------------------------+-----
Spellcasting   | 1 2 3 4 6 7 8 |  8.0
Fighting       | 3 4 5 6 7 8 |  8.9
Short Blades   | 3 4 5 6 7 8 |  8.8
Summonings     | 1 3 5 6 |  6.6
Translocations | 1 4 5 |  5.5
Dodging        | |  2.4
Stealth        | |  2.4

Action                     |  1- 3 |  4- 6 |  7- 9 | 10-12 || total
---------------------------+-------+-------+-------+-------++-------
  Melee: Short sword       |   114 |   140 |       |       ||   254
         Bite              |    37 |    38 |    67 |    60 ||   202
         Dagger            |       |    26 |   241 |   204 ||   471
         Punch             |       |       |     4 |     5 ||     9
  Throw: Dart              |       |     5 |     2 |       ||     7
         Throwing net      |       |       |       |     2 ||     2
   Cast: Call Canine Famil |       |       |       |    10 ||    10
    Use: Scroll            |     1 |    10 |     3 |     4 ||    18
         Potion            |       |     1 |       |       ||     1
   Stab: Sleeping          |     6 |     6 |     4 |     4 ||    20
         Distracted        |       |       |     1 |     1 ||     2
 Armour: Robe              |    23 |    52 |    79 |    34 ||   188
         Skin              |       |     7 |       |       ||     7
         Leather armour    |       |       |       |    26 ||    26
  Dodge: Dodged            |    64 |    79 |   106 |    82 ||   331

Table legend: (Time is in decaauts)
 A = Elapsed time spent in this place.
 B = Non-inter-level travel time spent in this place.
 C = Inter-level travel time spent in this place.
 D = Time resting spent in this place.
 E = Time spent auto-exploring this place.
 F = Levels seen in this place.
 G = Mean time per level.
                   A        B        C        D        E       F      G
               +--------+--------+--------+--------+--------+-----+--------+
         Total |   8507 |   8283 |    224 |    138 |   5560 |  13 |  654.4 |
       Dungeon |   8419 |   8225 |    194 |    138 |   5515 |  12 |  701.6 |
        Temple |     88 |     58 |     30 |      0 |     45 |   1 |   88.0 |
               +--------+--------+--------+--------+--------+-----+--------+

Top non-repeatable levels by time:
     D:2: 1192 daAuts
     D:6: 1079 daAuts
    D:10: 962 daAuts
     D:5: 852 daAuts
     D:9: 846 daAuts
     D:8: 831 daAuts
     D:3: 765 daAuts
     D:4: 646 daAuts
     D:1: 645 daAuts
     D:7: 461 daAuts
  Temple: 88 daAuts
    D:12: 88 daAuts
    D:11: 46 daAuts
